 Dungeon Crawl Stone Soup version 0.30-a0-845-g7c6808c8ce (webtiles) character file.

Game seed: 18116325718885912718

28 lunkers the Slasher (level 3, -3/31 HPs)
             Began as a Meteoran Fighter on Mar 2, 2023.
             Slain by an iguana (5 damage)
             ... on level 2 of the Dungeon.
             The game lasted 00:00:57 (512 turns).

lunkers the Slasher (Meteoran Fighter)               Turns: 512, Time: 00:00:58

Health: -3/31      AC:  6    Str: 17    XL:     3   Next: 47%
Magic:  4/4        EV:  9    Int:  9    God:
Gold:   98         SH:  5    Dex: 16    Spells: 2/2 levels left

rFire   . . .      SeeInvis .    a - +0 long sword
rCold   + . .      Faith    .    c - +0 buckler
rNeg    . . .      Spirit   .    b - +0 scale mail
rPois   .          Reflect  .    (no helmet)
rElec   .          Rampage  .    (no cloak)
rCorr   .                        (no gloves)
Will    .....                    (no boots) Stlth
                                 (no amulet)
HPRegen 0.25/turn                e - ring of protection from cold
MPRegen 0.09/turn                (no ring)

@: glowing
A: sense surroundings 1, otherworldly, glowing, explore regen
a: no special abilities


You were on level 2 of the Dungeon.
You visited 1 branch of the dungeon, and saw 2 of its levels.

You collected 98 gold pieces.

Inventory:

Hand Weapons
 a - a +0 long sword (weapon)
Armour
 b - a +0 scale mail (worn)
 c - a +0 buckler (worn)
Jewellery
 e - a ring of protection from cold (left hand)
 f - an amulet of the acrobat
 h - a ring of flight
Scrolls
 g - a scroll of poison {unknown}
 i - a scroll of brand weapon {unknown}
 j - a scroll of identify {unknown}
Potions
 d - a potion of might
 k - a potion of attraction {unknown}


   Skills:
 - Level 3.2 Fighting
 + Level 4.2 Long Blades
 - Level 3.6 Armour
 - Level 3.6 Shields


You had 2 spell levels left.
You didn't know any spells.
Your spell library contained the following spells:

 Spells                   Type           Power      Damage    Failure   Level
 Summon Small Mammal      Summ           0%         N/A       87%         1
 Call Canine Familiar     Summ           0%         N/A       99%         3
 Summon Guardian Golem    Hex/Summ       0%         N/A       99%         3


Dungeon Overview and Level Annotations

Branches:
Dungeon (2/15) Zot: 665

Altars:


Innate Abilities, Weirdness & Mutations

You passively map a small area around you.
You are easily found by Zot.
You glow in the dark.
You regain HP and MP as you explore.


Message History

You slash the adder!
The adder is severely wounded.
The adder closely misses you.
You hit the adder.
You kill the adder!
Your Long Blades skill increases to level 4!
No target in view!
No target in view!
No target in view!
No target in view!
No target in view!
No target in view!
No target in view!
No target in view!
No target in view!
You now have 98 gold pieces (gained 18).
You open the door.
Found a ring mail.
There is an open door here.
Found a club.
No target in view!
An iguana comes into view.
A bat comes into view.
The iguana bites you.
You closely miss the iguana. The iguana bites you!
The bat hits you but does no damage.
You closely miss the iguana. You block the bat's attack. The iguana bites you!
* * * LOW HITPOINT WARNING * * *
The iguana bites you!
* * * LOW HITPOINT WARNING * * *
You barely miss the iguana. The bat hits you but does no damage.
The iguana bites you but does no damage.
Unknown command.
You closely miss the iguana. The bat hits you but does no damage.
The iguana bites you but does no damage.
Unknown command.
You hit the iguana.
The iguana is lightly wounded.
You block the bat's attack. The iguana bites you.
You die...

, * , +......#. , * ,
.#*** #......#. #
#.######......#. .. ...
..#.......#. * * ...*###
..###.#....>..'. ..#..
..#.#.#.......#. ,
...#..#.#.#.#####.#.
#..###.l..#<..........#†
#......@..#..#..#####.#.
#.#####...#..#.....,..+.
*,
#.#####......#...####.#.
, ....)..b.........#
##+#. #######.#.#..##..#
#.... ,,
........#.....#..# #....
###.......#...#..# #....
+.[.....'...#..# ##'#. *
*#.......#...#..# #.#.


You could see an iguana and a bat.

Vanquished Creatures
  An adder (D:2)
  3 bats
  An endoplasm (D:1)
  A giant cockroach (D:2)
  3 hobgoblins (D:1)
  A quokka (D:1)
  2 ball pythons (D:1)
  4 frilled lizards
  2 goblins (D:1)
  2 rats (D:1)
20 creatures vanquished.

Notes
Turn   | Place    | Note
-------+----------+-------------------------------------------
     0 | D:1      | lunkers the Meteoran Fighter began the quest for the Orb.
     0 | D:1      | Reached XP level 1. HP: 19/19 MP: 2/2
   216 | D:1      | Reached skill level 3 in Long Blades
   216 | D:1      | Reached XP level 2. HP: 26/26 MP: 3/3
   466 | D:2      | Reached XP level 3. HP: 28/31 MP: 4/4
   489 | D:2      | Reached skill level 4 in Long Blades
   509 | D:2      | HP: 1/31 [iguana (12)]
   512 | D:2      | Slain by an iguana

Illustrated notes

Levels and vault maps discovered:
D:1:      evilmike_arrival_hilbert_curve, layout_loops_ring
D:2:      layout_basic, basic_altar

Skill      XL: |  1  2  3 |
---------------+----------+-----
Long Blades    | 3 4 |  4.2
Fighting       | |  3.2
Armour         | |  3.6
Shields        | |  3.6

Action                     || total
---------------------------++-------
  Melee: Long sword        ||    78
 Armour: Scale mail        ||    58
  Dodge: Dodged            ||    36
  Block: Buckler           ||    23

Table legend: (Time is in decaauts)
 A = Elapsed time spent in this place.
 B = Non-inter-level travel time spent in this place.
 C = Inter-level travel time spent in this place.
 D = Time resting spent in this place.
 E = Time spent auto-exploring this place.
 F = Levels seen in this place.
 G = Mean time per level.
                   A        B        C        D        E       F      G
               +--------+--------+--------+--------+--------+-----+--------+
         Total |    532 |    499 |     33 |      0 |    337 |   2 |  266.0 |
       Dungeon |    532 |    499 |     33 |      0 |    337 |   2 |  266.0 |
               +--------+--------+--------+--------+--------+-----+--------+

Top non-repeatable levels by time:
     D:1: 441 daAuts
     D:2: 91 daAuts
